 Dungeon Crawl Stone Soup version 0.31-a0-1009-g454b1f1e0a (webtiles) character file.

Game seed: 4852482289368608676

91 Turgor the Changeling (level 4, -2/54 HPs)
             Began as a Draconian Shapeshifter on Nov 14, 2023.
             Slain by a gnoll
             ... wielding a +0 spear
              (3 damage)
             ... on level 2 of the Dungeon.
             The game lasted 00:04:49 (1076 turns).

Turgor the Changeling (Draconian Shapeshifter)      Turns: 1076, Time: 00:04:50

Health: -2/54      AC: 22    Str: 16    XL:     4   Next: 33%
Magic:  4/4        EV:  2    Int: 11    God:
Gold:   110        SH:  0    Dex: 12    Spells: 3/3 levels left

rFire   . .          .
                       - Unarmed
rCold   . . .        (no shield)
rNeg    . . .        (body armour unavailable)
rPois   +            (helmet currently unavailable)
rElec   .            (cloak currently unavailable)
rCorr   .            (gloves currently unavailable)
SInv    .            (boots currently unavailable)
Will    .....        (no amulet)
Stlth   +            i - ring of poison resistance
HPRegen 0.29/turn    (no ring)
MPRegen 0.09/turn

%: no passive effects
@: tree-form (expiring)
A: stationary, stasis, torment immunity, boosted hp, AC +5, unfitting armour,
(cold-blooded)
a: no special abilities


You were on level 2 of the Dungeon.
You were a tree.
You visited 1 branch of the dungeon, and saw 2 of its levels.

You collected 110 gold pieces.

Inventory:

Jewellery
 i - a ring of poison resistance (left branch)
Talismans
 b - a beast talisman
 c - a flux talisman
Scrolls
 f - a scroll of enchant weapon {unknown}
 h - a scroll of identify
Potions
 a - a potion of lignification
 j - a potion of mutation


   Skills:
 + Level 2.2 Fighting
 + Level 2.4 Dodging
 + Level 3.6 Unarmed Combat
 * Level 3.8 Shapeshifting


You had 3 spell levels left.
You didn't know any spells.
Your spell library was empty.

Dungeon Overview and Level Annotations

Branches:
Dungeon (2/15)

Altars:


Innate Abilities, Weirdness & Mutations

You are a tree.
Your roots penetrate the ground, keeping you stationary.
You cannot be teleported.
You are immune to unholy pain and torment.
Your maximum health is greatly increased.
Your equipment is partially melded.
((Your plain brown scales are hard. (AC +5)))
You cannot fit into any form of body armour.
((You are cold-blooded and may be slowed by cold attacks.))


Message History

j - a potion of mutation The gnoll hits you but does no damage.
The gnoll hits you from afar with a +0 spear.
* * * LOW HITPOINT WARNING * * *
As you read the scroll labelled VOUGAXKENE, it crumbles to dust.
You feel aware of your surroundings.
It was a scroll of revelation.
The gnoll hits you from afar with a +0 spear.
* * * LOW HITPOINT WARNING * * *
The gnoll hits you from afar with a +0 spear.
* * * LOW HITPOINT WARNING * * *
As you read the scroll labelled RIOPPO RAMUG, it crumbles to dust.
The creatures around you are filled with an inner flame!
It was a scroll of immolation.
The gnoll hits you but does no damage. x2
As you read the scroll labelled IWEXAO MAFIM, it crumbles to dust.
You feel a strange sense of stasis.
It was a scroll of teleportation.
The gnoll hits you but does no damage. x2
There are monsters nearby!
The gnoll hits you but does no damage.
The gnoll hits you from afar with a +0 spear.
* * * LOW HITPOINT WARNING * * *
The gnoll hits you but does no damage. x2
The gnoll hits you but does no damage.
The gnoll hits you from afar with a +0 spear.
* * * LOW HITPOINT WARNING * * *
The gnoll hits you but does no damage. x2
Your transformation is almost over.
The gnoll hits you from afar with a +0 spear.
* * * LOW HITPOINT WARNING * * *
The gnoll hits you but does no damage.
The gnoll hits you but does no damage. x2
The gnoll hits you but does no damage. x2
The gnoll hits you but does no damage.
The gnoll hits you from afar with a +0 spear.
* * * LOW HITPOINT WARNING * * *
The gnoll hits you but does no damage. x2
The gnoll hits you from afar with a +0 spear.
* * * LOW HITPOINT WARNING * * *
The gnoll hits you but does no damage.
The gnoll hits you from afar with a +0 spear.
You die...

.†.).............'.,,,,,,,,,,,,,,
######.##.#.#....#..#.##*,*<,,,,,
######'##.#.#....#......,,,,,,,,,
†.#.....#..........##.##***,**,**
#.#.................#.## *,**,**
#...................#.###*****,,,
###...............#......,* ****
#.....##)##...).##..###***
##'##.##.##.g.♣<.......,,*
###...........g)#########*,*****
................########**,,,,,**
.##.)...).....#.########,,,,,,,,,
.##.<.##.#'####+########**,**,,,*
.....[...÷.......#######**,,,,*,*
##.#.###.........#######,,,**,*,*
......÷..........+.#####,*,**,*,*
.#......g........*******,*,**,*,*


You could see 2 gnolls.

Vanquished Creatures
  2 gnolls (D:2)
  An adder (D:2)
  2 worms (D:2)
  3 dart slugs (D:1)
  An orc (D:2)
  6 bats
  3 endoplasms (D:1)
  2 giant cockroaches (D:1)
  8 goblins
  6 hobgoblins
  3 kobolds
  2 quokkas (D:1)
  4 ball pythons
  2 rats (D:1)
45 creatures vanquished.

Notes
Turn   | Place    | Note
-------+----------+-------------------------------------------
     0 | D:1      | Turgor the Draconian Shapeshifter began the quest for the
                  | Orb.
     0 | D:1      | Reached XP level 1. HP: 16/16 MP: 1/1
   155 | D:1      | Reached XP level 2. HP: 23/23 MP: 2/2
   523 | D:1      | Reached XP level 3. HP: 29/29 MP: 3/3
   969 | D:2      | Reached XP level 4. HP: 36/36 MP: 4/4
  1073 | D:2      | HP: 2/54 [gnoll/+0 spear (2)]
  1076 | D:2      | Slain by a gnoll

Illustrated notes

Levels and vault maps discovered:
D:1:      ebering_hopf_link, layout_loops_cross, minmay_pentomino_o4
D:2:      layout_basic, lightli_corner_chamber

Skill      XL: |  1  2  3 |
---------------+----------+-----
Dodging        | 2 |  2.4
Fighting       | 2 |  2.2
Unarmed Combat | |  3.6
Shapeshifting  | |  3.8

Action                     |  1- 3 |  4- 6 || total
---------------------------+-------+-------++-------
  Melee: Unarmed           |   103 |    10 ||   113
         Tailslap          |    13 |       ||    13
         Punch             |     3 |       ||     3
    Use: Scroll            |       |     4 ||     4
         Potion            |       |     1 ||     1
 Armour: Skin              |    41 |    48 ||    89
  Dodge: Dodged            |    53 |     6 ||    59

Table legend: (Time is in decaauts)
 A = Elapsed time spent in this place.
 B = Non-inter-level travel time spent in this place.
 C = Inter-level travel time spent in this place.
 D = Time resting spent in this place.
 E = Time spent auto-exploring this place.
 F = Levels seen in this place.
 G = Mean time per level.
                   A        B        C        D        E       F      G
               +--------+--------+--------+--------+--------+-----+--------+
         Total |   1068 |   1054 |     14 |      0 |    722 |   2 |  534.0 |
       Dungeon |   1068 |   1054 |     14 |      0 |    722 |   2 |  534.0 |
               +--------+--------+--------+--------+--------+-----+--------+

Top non-repeatable levels by time:
     D:1: 751 daAuts
     D:2: 317 daAuts
